Map: Romanticide LE

Players

Gabriel - Winner!

  • Race: Terran Terran

VOD

Have the link to the VOD?

Description

Time

  • Played on: July 9, 2021, 4:24 p.m.
  • Length: 12:45
Show
View Real Time Build Order
Export as new Build Order

Gabriel Terran - Winner!

Build Orders:  

Get SALT Encoding   

  12  0:01  SCV  
  13  0:18  SCV  
  14  0:26  Supply Depot  
  14  0:37  SCV  
  15  0:56  SCV  
  16  1:02  Barracks  
  16  1:12  Refinery  
  16  1:13  SCV  
  17  1:30  SCV  
  18  1:44  Supply Depot  
  18  1:48  SCV  
  19  2:05  SCV  
  20  2:22  Barracks Tech Lab  
  20  2:25  Orbital Command  
  20  2:51  Marine  
  21  3:04  SCV  
  21  3:08  Refinery  
  22  3:16  Marine  
  23  3:21  SCV  
  23  3:25  Barracks  
  24  3:38  SCV  
  25  3:45  Reaper  
  26  4:17  SCV  
  27  4:33  Marine  
  27  4:34  SCV  
  29  4:41  Barracks Reactor  
  29  4:54  SCV  
  30  5:11  SCV  
  30  5:16  Supply Depot  
  31  6:10  SCV  
  32  6:27  SCV  
  33  6:44  SCV  
  33  6:46  Supply Depot  
  34  6:58  Marine x2  
  34  6:59  Barracks  
  37  7:04  Marauder  
  38  7:23  Marine x2  
  40  7:30  Supply Depot  
  40  7:34  Marauder  
  42  7:48  Marine x2  
  44  8:02  Supply Depot  
  44  8:04  Marauder  
  44  8:09  Stimpack  
  46  8:13  Marine x2  
  46  8:18  Barracks Reactor  
  48  8:34  Supply Depot, Marauder  
  48  8:38  Marine x2  
  52  9:03  Marine x2  
  52  9:04  Marauder  
  52  9:07  Supply Depot  
  56  9:10  Marine x2  
  58  9:28  Marine x2  
  60  9:34  Barracks, Marauder  
  60  9:35  Marine x2  
  60  9:38  Supply Depot  
  60  9:39  Barracks  
  64  9:52  Marine  
  64  9:53  Marine  
  66  10:00  Marine x2  
  66  10:04  Marauder  
  64  10:17  Marine  
  64  10:18  Marine  
  64  10:25  Marine x2  
  66  10:34  Marauder  
  69  10:42  Marine  
  69  10:43  Marine  
  70  10:50  Marine x2  
  70  10:51  Barracks Reactor x2  
  72  11:04  Marauder  
  69  11:33  Marauder  
  66  12:03  Marauder  
Tags
 
Add a new tag
Caveats
  • Supply blocks, unpowered buildings, or Contaminate may cause inaccurate times.
  • Supply counts are checked every 10 seconds.